 Dungeon Crawl Stone Soup version 0.21.1-1-g345015f (webtiles) character file.

54 letownia2 the Charmwright (level 3, 0/46 HPs)
             Began as a Gnoll Skald on Feb 27, 2018.
             Succumbed to a worker ant's poison
             ... on level 4 of the Dungeon.
             The game lasted 00:02:03 (297 turns).

letownia2 the Charmwright (Gnoll Skald)              Turns: 297, Time: 00:02:03

Health: 0/46       AC: 21    Str: 13    XL:     3   Next: 91%
Magic:  1/9        EV:  2    Int: 16    God:
Gold:   35         SH:  0    Dex: 14    Spells: 7/12 levels left

rFire    . . .     SeeInvis .   a - +0 spear
rCold    . . .     Gourm    .   (no shield)
rNeg     + + +     Faith    .   (armour currently unavailable)
rPois    +         Spirit   .   (helmet currently unavailable)
rElec    .         Reflect  .   (cloak currently unavailable)
rCorr    .         Harm     .   (gloves currently unavailable)
MR       .....     NoTele   +   (boots currently unavailable)
Stlth    ++........             (no amulet)
HPRegen  0.15/turn              (no ring)
MPRegen  0.11/turn              (no ring)

@: lethally poisoned (0 -> -15), tree-form, shrouded, singing, hasted, very
quick
A: distributed training, strong nose
a: no special abilities


You were on level 4 of the Dungeon.
You were not hungry.
You were a tree.
You visited 1 branch of the dungeon, and saw 4 of its levels.

You collected 35 gold pieces.

Inventory:

Hand Weapons
 a - a +0 spear (weapon)
 h - a +0 hunting sling
Armour
 b - a +0 leather armour (melded)
Scrolls
 e - a scroll of noise {unknown}
 f - a scroll of remove curse {unknown}
 g - 2 scrolls of amnesia {unknown}
 i - a scroll of identify {unknown}
Books
 c - a book of Battle

   Spells                             Type                      Level
   a - Infusion                       Charms                       1
   b - Shroud of Golubria             Charms/Translocation         2
   c - Song of Slaying                Charms                       2
   d - Spectral Weapon                Hexes/Charms                 3
   e - Regeneration                   Charms/Necromancy            3
Comestibles
 d - 2 rations


   Skills:
 + Level 4.6 Fighting
 + Level 1.0 Short Blades
 + Level 1.0 Long Blades
 + Level 1.0 Axes
 + Level 1.0 Maces & Flails
 + Level 4.6 Polearms
 + Level 1.0 Staves
 + Level 1.0 Slings
 + Level 1.0 Bows
 + Level 1.0 Crossbows
 + Level 1.0 Throwing
 + Level 2.6 Armour
 + Level 4.6 Dodging
 + Level 1.0 Stealth
 + Level 1.0 Shields
 + Level 1.0 Unarmed Combat
 + Level 5.0 Spellcasting
 + Level 0.7 Conjurations
 + Level 0.7 Hexes
 + Level 5.4 Charms
 + Level 0.7 Summonings
 + Level 0.7 Necromancy
 + Level 0.7 Translocations
 + Level 0.7 Transmutations
 + Level 0.7 Fire Magic
 + Level 0.7 Ice Magic
 + Level 0.7 Air Magic
 + Level 0.7 Earth Magic
 + Level 0.7 Poison Magic
 + Level 1.0 Invocations
 + Level 1.0 Evocations


You had 7 spell levels left.
You knew the following spells:

 Your Spells              Type           Power        Failure   Level  Hunger
a - Infusion              Chrm           ###.         1%          1    None
l - Song of Slaying       Chrm           ###.....     2%          2    #......
t - Shroud of Golubria    Chrm/Tloc      ##........   6%          2    #......


Dungeon Overview and Level Annotations

Branches:
Dungeon (4/15)
 Temple: D:4-7

Altars:


Innate Abilities, Weirdness & Mutations

Your experience applies equally to all skills.
((You have very sharp teeth.))
Your uncanny sense of smell can sniff out nearby items.


Message History

You feel sick.
Your shroud bends the orc wizard's attack away.
An orc comes into view. It is wielding a flail.
Unknown command.
Attack whom?
Press: ? - help, Dir - move target cursor, f/p - orc wizard
Aim: an orc wizard, wielding a dagger and wearing a robe (severely wounded)
You hit the orc wizard but do no damage.
The orc wizard is severely wounded.
* * * LOW HITPOINT WARNING * * *
You feel sick.
An orc priest comes into view. It is wielding a trident.
Unknown command.
Unknown command.
Attack whom?
Press: ? - help, Dir - move target cursor, f/p - orc wizard
Aim: an orc wizard, wielding a dagger and wearing a robe (severely wounded)
You hit the orc wizard.
The orc wizard is severely wounded.
You die...

############
#<..........
#.##........
#......#####
#.8#8..#
#.#?#..#
#.8#8.## .
#.....####....
#.##..♣ooo....
#.######wo....
#.. o.... ###.
.... .# ..< #
.. ∆ .


You could see a worm, an orc priest, an orc wizard and 3 orcs.

Vanquished Creatures
  A worker ant (D:4)
  A worker ant zombie (D:4)
  A howler monkey skeleton (D:2)
  An orc (D:4)
  A hobgoblin (D:1)
  3 jackals (D:4)
  2 rats
10 creatures vanquished.

Notes
Turn   | Place    | Note
-------+----------+-------------------------------------------
     0 | D:1      | letownia2 the Gnoll Skald began the quest for the Orb.
     0 | D:1      | Reached XP level 1. HP: 20/20 MP: 6/6
   114 | D:2      | Reached XP level 2. HP: 24/26 MP: 0/7
   155 | D:3      | Learned a level 2 spell: Song of Slaying
   158 | D:3      | Learned a level 2 spell: Shroud of Golubria
   270 | D:4      | Reached skill level 5 in Spellcasting
   270 | D:4      | Reached XP level 3. HP: 21/31 MP: 2/9
   290 | D:4      | Reached skill level 1 in Short Blades
   290 | D:4      | Reached skill level 1 in Long Blades
   290 | D:4      | Reached skill level 1 in Axes
   290 | D:4      | Reached skill level 1 in Maces & Flails
   290 | D:4      | Reached skill level 1 in Staves
   290 | D:4      | Reached skill level 1 in Slings
   290 | D:4      | Reached skill level 1 in Bows
   290 | D:4      | Reached skill level 1 in Crossbows
   290 | D:4      | Reached skill level 1 in Throwing
   290 | D:4      | Reached skill level 1 in Stealth
   290 | D:4      | Reached skill level 1 in Shields
   290 | D:4      | Reached skill level 1 in Unarmed Combat
   290 | D:4      | Reached skill level 1 in Invocations
   290 | D:4      | Reached skill level 1 in Evocations
   295 | D:4      | HP: 2/46 [poisoned by a worker ant]
   297 | D:4      | Succumbed to a worker ant's poison

Skill      XL: |  1  2  3 |
---------------+----------+-----
Spellcasting   | 5 |  5.0
Short Blades   | 1 |  1.0
Long Blades    | 1 |  1.0
Axes           | 1 |  1.0
Maces & Flails | 1 |  1.0
Staves         | 1 |  1.0
Slings         | 1 |  1.0
Bows           | 1 |  1.0
Crossbows      | 1 |  1.0
Throwing       | 1 |  1.0
Stealth        | 1 |  1.0
Shields        | 1 |  1.0
Unarmed Combat | 1 |  1.0
Invocations    | 1 |  1.0
Evocations     | 1 |  1.0
Fighting       | |  4.6
Polearms       | |  4.6
Armour         | |  2.6
Dodging        | |  4.6
Conjurations   | |  0.7
Hexes          | |  0.7
Charms         | |  5.4
Summonings     | |  0.7
Necromancy     | |  0.7
Translocations | |  0.7
Transmutations | |  0.7
Fire Magic     | |  0.7
Ice Magic      | |  0.7
Air Magic      | |  0.7
Earth Magic    | |  0.7
Poison Magic   | |  0.7

Action                   || total
-------------------------++-------
Melee: Spear             ||    70
       Bite              ||     6
 Cast: Infusion          ||     3
       Shroud of Golubri ||     4
       Song of Slaying   ||     3
  Use: Potion            ||     2
Armor: Leather armour    ||     9
       Skin              ||     1
Dodge: Dodged            ||    31
